 Dungeon Crawl Stone Soup version 0.30-a0-760-g5a9884bb7c (webtiles) character file.

Game seed: 17435112816504158580

65 theblackgale the Cudgeller (level 3, 0/29 HPs)
             Began as a Demonspawn Chaos Knight on Feb 10, 2023.
             Was a Plaything of Xom.
             Slain by Crazy Yiuf
             ... wielding a +4 quarterstaff of chaos
              (2 damage)
             ... on level 2 of the Dungeon.
             The game lasted 00:10:09 (920 turns).

theblackgale the Cudgeller (Demonspawn Chaos Knight) Turns: 920, Time: 00:10:10

Health: 0/29       AC: 10    Str: 10 (12) XL:     3   Next: 94%
Magic:  3/3        EV: 11    Int: 14 (15) God:    Xom [.*....]
Gold:   63         SH:  0    Dex: 10      Spells: 2/2 levels left

rFire   . . .      SeeInvis .    a - +0 mace (chaos)
rCold   . . .      Faith    .    (no shield)
rNeg    . . .      Spirit   .    b - +3 leather armour
rPois   +          Reflect  .    (no helmet)
rElec   .          Harm     .    (no cloak)
rCorr   .          Rampage  .    f - +1 pair of gloves
Will    .....                    (no boots)
Stlth   +                        (no amulet)
HPRegen 1.04/turn                e - ring of poison resistance
MPRegen 0.08/turn                (no ring)

@: no status effects
A: slimy green scales 1, clumsy 1, regeneration 1
a: Renounce Religion


You were on level 2 of the Dungeon.
You worshipped Xom.
You were a plaything of Xom.
You visited 1 branch of the dungeon, and saw 2 of its levels.

You collected 63 gold pieces.

Inventory:

Hand Weapons
 a - a +0 mace of chaos (weapon)
Armour
 b - a +3 leather armour (worn)
 f - a +1 pair of gloves (worn)
Jewellery
 e - a ring of poison resistance (left hand)
Miscellaneous
 c - a piece from Xom's chessboard (inert) (quivered)


   Skills:
 + Level 3.3 Fighting
 + Level 3.5 Maces & Flails
 + Level 2.0 Armour
 + Level 1.6 Dodging
 + Level 0.2 Stealth
 + Level 0.7 Evocations


You had 2 spell levels left.
You didn't know any spells.
Your spell library contained the following spells:

 Spells                   Type           Power      Damage    Failure   Level
 Magic Dart               Conj           0%         1d3       36%         1
 Call Imp                 Summ           0%         N/A       50%         2
 Mephitic Cloud           Conj/Pois/Air  0%         N/A       75%         3
 Portal Projectile        Hex/Tloc       0%         N/A       75%         3
 Tukima's Dance           Hex            0%         N/A       75%         3
 Blade Hands              Tmut           0%         N/A       100%        5


Dungeon Overview and Level Annotations

Branches:
Dungeon (2/15)

Altars:

Annotations:
D:2 Crazy Yiuf


Innate Abilities, Weirdness & Mutations

You are partially covered in slimy green scales. (AC +2)
You are clumsy. (Dex -2)
Your natural rate of healing is unusually fast.


Message History

You kill the rat!
You feel your dexterity returning.
Found a stone staircase leading down.
You see here a rat corpse.
Found a scroll labelled JIKUKA KEAVVUM.
d - a scroll labelled JIKUKA KEAVVUM
As you read the scroll labelled JIKUKA KEAVVUM, it crumbles to dust.
It is a scroll of identify.
You don't currently have any unidentified items.
Found a glowing hammer and two hammers.
You see here a +0 antimagic hammer.
Found seven hammers.
Found a runed translucent door.
You see here a +0 hammer.
Found a hammer.
Crazy Yiuf shouts!
You see here a +0 hammer.
You see here a +0 hammer.
Found three hammers.
You see here a +0 hammer.
The piece from Xom's chessboard is presently inert.
You open the door. You hit Crazy Yiuf but do no damage.
Crazy Yiuf suddenly seems more resistant.
Crazy Yiuf barely misses you.
You hit Crazy Yiuf but do no damage.
Crazy Yiuf hits you with a +4 quarterstaff of chaos!
Crazy Yiuf freezes you.
You see here a +0 hammer.
Crazy Yiuf attacks as you move away!
Crazy Yiuf hits you with a +4 quarterstaff of chaos.
Crazy Yiuf says, "One may say the eternal mystery of the world is its comprehensibility."
You see here a +0 hammer.
Crazy Yiuf attacks as you move away!
Crazy Yiuf hits you with a +4 quarterstaff of chaos!
* * * LOW HITPOINT WARNING * * *
You see here a +0 hammer.
Crazy Yiuf attacks as you move away!
Crazy Yiuf hits you with a +4 quarterstaff of chaos.
You die...
Xom laughs nastily!

.#
#..................#
.#
##############.....#
.# #.....# ##
#.....# ###
♣♣##.....# #)))#♣♣
♣♣..#.....#
#.))')♣♣♣♣......####
#)))#♣)g♣).....##
### ♣♣♣@♣)..###
♣♣♣♣♣##


You could see Crazy Yiuf (resistant).

Vanquished Creatures
  2 adders (D:2)
  A worm (D:2)
  2 ball pythons
  5 endoplasms
  A giant cockroach (D:2)
  3 goblins
  4 hobgoblins
  8 kobolds
  5 quokkas
  A bat (D:1)
  6 frilled lizards
  5 rats
43 creatures vanquished.

Notes
Turn   | Place    | Note
-------+----------+-------------------------------------------
     0 | D:1      | theblackgale the Demonspawn Chaos Knight began the quest
                  | for the Orb.
     0 | D:1      | Reached XP level 1. HP: 18/18 MP: 1/1
    38 | D:1      | XOM: potion effect (heal wounds)
    59 | D:1      | XOM: silly message
    63 | D:1      | Reached skill level 1 in Dodging
    77 | D:1      | Gained mutation: You are partially covered in slimy green
                  | scales. (AC +2) [demonic ancestry]
    77 | D:1      | Reached XP level 2. HP: 5/24 MP: 2/2
    95 | D:1      | XOM: silly message
   581 | D:1      | Gained mutation: You are clumsy. (Dex -2) [potion of
                  | mutation]
   581 | D:1      | Gained mutation: Your natural rate of healing is unusually
                  | fast. [potion of mutation]
   642 | D:1      | Reached XP level 3. HP: 27/29 MP: 3/3
   667 | D:2      | XOM: divination: detect creatures
   668 | D:2      | XOM: silly message
   777 | D:2      | XOM: silly message
   806 | D:2      | XOM: silly message
   857 | D:2      | Found a faded altar of an unknown god.
   910 | D:2      | Found a runed translucent door.
   911 | D:2      | Noticed Crazy Yiuf
   919 | D:2      | HP: 1/29 [Crazy Yiuf/+4 quarterstaff of chaos (11)]
   920 | D:2      | Slain by Crazy Yiuf

Illustrated notes

Levels and vault maps discovered:
D:1:      scummos_arrival_hexagon, layout_basic, minmay_lizard_pond
D:2:      layout_basic, basic_ecumenical_altar, basic_altar, uniq_sigmund,
          uniq_crazy_yiuf_cottage

Skill      XL: |  1  2 |
---------------+-------+-----
Dodging        | 1 |  1.6
Maces & Flails | 3 |  3.5
Armour         | 2 |  2.0
Fighting       | |  3.3
Stealth        | |  0.2
Evocations     | |  0.7

Action                     || total
---------------------------++-------
  Melee: Mace              ||   136
  Throw: Throwing net      ||     1
  Evoke: Piece from Xom's  ||    19
    Use: Potion            ||     4
         Scroll            ||     5
   Stab: Held in net/web   ||     1
         Paralysed         ||     1
 Armour: Leather armour    ||    77
  Dodge: Dodged            ||   129

Table legend: (Time is in decaauts)
 A = Elapsed time spent in this place.
 B = Non-inter-level travel time spent in this place.
 C = Inter-level travel time spent in this place.
 D = Time resting spent in this place.
 E = Time spent auto-exploring this place.
 F = Levels seen in this place.
 G = Mean time per level.
                   A        B        C        D        E       F      G
               +--------+--------+--------+--------+--------+-----+--------+
         Total |    955 |    328 |    627 |      0 |      0 |   2 |  477.5 |
       Dungeon |    955 |    328 |    627 |      0 |      0 |   2 |  477.5 |
               +--------+--------+--------+--------+--------+-----+--------+

Top non-repeatable levels by time:
     D:1: 670 daAuts
     D:2: 285 daAuts
